 Dungeon Crawl Stone Soup version 0.29.1-12-g30fa7ad0bf (webtiles) character file.

Game seed: 18336879372014462712

108 Radix the Digger (level 4, 0/24 HPs)
             Began as a Gargoyle Earth Elementalist on Dec 12, 2022.
             Slain by a rat (2 damage)
             ... in a sewer.
             The game lasted 00:13:56 (3067 turns).

Radix the Digger (Gargoyle Earth Elementalist)      Turns: 3067, Time: 00:13:59

Health: 0/24       AC:  5    Str: 18    XL:     4   Next: 87%
Magic:  3/9        EV: 11    Int: 17    God:
Gold:   160        SH:  0    Dex: 10    Spells: 8/9 levels left

rFire   . . .      SeeInvis .   q - +0 spear
rCold   . . .      Faith    .   (no shield)
rNeg    + . .      Spirit   .   a - +0 robe
rPois   ∞          Reflect  .   (no helmet)
rElec   +          Harm     .   (no cloak)
rCorr   .          Rampage  .   (no gloves)
Will    .....                   (no boots)
Stlth   ++........              (no amulet)
HPRegen 0.08/turn               o - +6 ring of strength
MPRegen 0.11/turn               (no ring)

@: invisible
A: sickness immunity, AC +3, negative energy resistance 1, electricity
resistance, torment resistance 1, petrification resistance
a: no special abilities


You were in a sewer.
You visited 1 branch of the dungeon, and saw 3 of its levels.
You also visited: Sewer.

You collected 160 gold pieces.

Inventory:

Hand Weapons
 q - a +0 spear (weapon)
Armour
 a - a +0 robe (worn)
 l - a +0 buckler
Jewellery
 o - a +6 ring of strength (left hand)
Scrolls
 d - 6 scrolls of identify {unknown}
 e - 2 scrolls of fog {unknown}
 h - a scroll of enchant weapon {unknown}
 j - a scroll of immolation {unknown}
 n - a scroll of amnesia {unknown}
Potions
 b - a potion of magic
 c - a potion of brilliance {unknown}
 f - 2 potions of resistance {unknown}
 g - a potion of heal wounds {unknown}
 i - 2 potions of might {unknown}
 k - 2 potions of lignification {unknown}
 m - a potion of invisibility
 p - 2 potions of cancellation {unknown}


   Skills:
 - Level 1.5 Dodging
 - Level 2.1 Stealth
 + Level 3.4 Spellcasting
 - Level 0.7 Transmutations
 + Level 5.2 Earth Magic


You had 8 spell levels left.
You knew the following spells:

 Your Spells              Type           Power      Damage    Failure   Level
a - Sandblast             Erth           40%        2d10      1%          1

Your spell library contained the following spells:

 Spells                   Type           Power      Damage    Failure   Level
 Passwall                 Tmut/Erth      10%        N/A       8%          2
 Stone Arrow              Conj/Erth      22%        3d8       17%         3
 Petrify                  Tmut/Erth      13%        N/A       43%         4
 Olgreb's Toxic Radiance  Pois           2%         N/A       86%         4
 Fireball                 Conj/Fire      1%         3d3       99%         5
 Starburst                Conj/Fire      1%         6d3       100%        6
 Ozocubu's Refrigeration  Ice            1%         4d7       100%        7
 Ignition                 Fire           1%         3d3       100%        8


Dungeon Overview and Level Annotations

Branches:
Dungeon (3/15)              Sewer (1/1)

Altars:
Okawaru
Qazlal


Innate Abilities, Weirdness & Mutations

You are immune to sickness and miasma.
Your stone body is resilient. (AC +3)
You are immune to poison.
You resist negative energy. (rN+)
You are resistant to electric shocks. (rElec)
You are resistant to unholy torment.
You are immune to petrification.


Message History

You fade into invisibility!
The river rat closely misses you.
The ball python bites you but does no damage.
The ball python constricts you. The ball python barely misses you.
The rat barely misses you.
You escape the ball python's grasp.
Casting: Sandblast (safe; 1% risk of failure)
Confirm with . or Enter, or press ? or * to list all spells.
Aiming: Sandblast (safe; 1% risk of failure)
Press: ? - help, Shift-Dir - straight line, f/p - river rat
Aim: a river rat (lightly wounded, unable to see you, 81% to hit)
The blast of sand hits the river rat!
You kill the river rat!
Casting: Sandblast (safe; 1% risk of failure)
Confirm with . or Enter, or press ? or * to list all spells.
Aiming: Sandblast (safe; 1% risk of failure)
Press: ? - help, Shift-Dir - straight line, f - ball python
Aim: a ball python (moderately wounded, unable to see you, 81% to hit)
The blast of sand hits the ball python!
You kill the ball python!
You closely miss the rat. The rat bites you.
* * * LOW HITPOINT WARNING * * *
Casting: Sandblast (safe; 1% risk of failure)
Confirm with . or Enter, or press ? or * to list all spells.
Aiming: Sandblast (safe; 1% risk of failure)
Press: ? - help, Shift-Dir - straight line, f - rat
Aim: a rat (unable to see you, 83% to hit)
The blast of sand hits the rat!
You kill the rat!
The endoplasm freezes you.
* * * LOW HITPOINT WARNING * * *
Casting: Sandblast (safe; 1% risk of failure)
Confirm with . or Enter, or press ? or * to list all spells.
Aiming: Sandblast (safe; 1% risk of failure)
Press: ? - help, Shift-Dir - straight line, f - endoplasm
Aim: an endoplasm (98% to hit)
The blast of sand hits the endoplasm!
You kill the endoplasm!
The rat bites you.
You die...

≈≈≈≈≈≈≈~....#
~≈≈≈≈≈.~....#
≈~≈≈≈≈.....##
#~≈≈≈≈.....#
.#~≈≈≈≈~...##
.r..≈≈≈≈≈.††.####
...~~≈≈≈≈...###∩#
....~≈≈≈~~..###.#
#.~~≈≈≈~....#r@#
##..≈~≈≈≈.....†##
.#....~≈~≈......#
.....~≈≈~~.....##
.....~~≈.~.....##
......~~~.......##
......≈~~........##
......~~~......#..#
.r...~≈≈......###.#


You could see a rat (unable to see you).

Vanquished Creatures
  2 river rats (Sewer)
  An adder (Sewer)
  3 worms (D:2)
  2 dart slugs
  An orc (D:3)
  5 endoplasms
  2 giant cockroaches (D:3)
  5 goblins
  4 hobgoblins
  2 jackals (D:1)
  4 quokkas
  9 ball pythons
  5 bats
  10 kobolds
  13 rats
68 creatures vanquished.

Notes
Turn   | Place    | Note
-------+----------+-------------------------------------------
     0 | D:1      | Radix the Gargoyle Earth Elementalist began the quest for
                  | the Orb.
     0 | D:1      | Reached XP level 1. HP: 10/10 MP: 3/3
   252 | D:1      | Found a faded altar of an unknown god.
   271 | D:1      | Reached XP level 2. HP: 12/15 MP: 1/5
   272 | D:1      | Reached skill level 4 in Earth Magic
   891 | D:1      | Reached XP level 3. HP: 7/19 MP: 3/6
  2641 | D:3      | Found a stormy altar of Qazlal.
  2683 | D:3      | Found an iron altar of Okawaru.
  2714 | D:3      | Reached XP level 4. HP: 24/24 MP: 6/8
  2776 | D:3      | Found a glowing drain.
  2780 | Sewer    | Entered a sewer
  2903 | Sewer    | Reached skill level 5 in Earth Magic
  3067 | Sewer    | Slain by a rat

Illustrated notes

Levels and vault maps discovered:
D:1:      dpeg_arrival_solitude, layout_loops_corners, basic_ecumenical_altar,
          minmay_pentomino_o2
D:2:      layout_loops_cross
D:3:      layout_basic, okawaru_ov_weapons_minmay, mainiacjoe_overflow_brackets,
          lemuel_coloured_pillars_altar, gup_sewer_entry_bowl
Sewer:    sewer_minmay_treatment

Skill      XL: |  1  2  3  4 |
---------------+-------------+-----
Earth Magic    | 4 5 |  5.2
Spellcasting   | 3 |  3.4
Dodging        | |  1.5
Stealth        | |  2.1
Transmutations | |  0.7

Action                   |  1- 3 |  4- 6 || total
-------------------------+-------+-------++-------
Melee: Dagger            |     9 |       ||     9
       Unarmed           |     3 |       ||     3
       Whip              |    45 |       ||    45
       Punch             |     1 |       ||     1
       Spear             |       |    32 ||    32
 Cast: Sandblast         |    39 |    28 ||    67
  Use: Potion            |       |     1 ||     1
 Stab: Sleeping          |     1 |       ||     1
Armor: Robe              |    14 |    21 ||    35
Dodge: Dodged            |    40 |    37 ||    77
